 Dungeon Crawl Stone Soup version 0.26.1-11-gd32895ea62 (webtiles) character file.

Game seed: 10074306675343132053

64 kodamatunes15 the Slasher (level 4, 0/37 HPs)
             Began as a Human Berserker on May 3, 2021.
             Was a Believer of Trog.
             Killed from afar by Sigmund (6 damage)
             ... with a magic dart
             ... on level 3 of the Dungeon.
             The game lasted 00:15:52 (1635 turns).

kodamatunes15 the Slasher (Human Berserker)         Turns: 1635, Time: 00:15:54

Health: 0/37       AC:  9    Str: 17    XL:     4   Next: 32%
Magic:  4/4        EV:  9    Int:  8    God:    Trog [**....]
Gold:   101        SH: 10    Dex: 19    Spells: 3/3 levels left

rFire    . . .     SeeInvis .   p - +0 dagger (holy)
rCold    . . .     Faith    .   o - +2 kite shield {AC+3}
rNeg     . . .     Spirit   .   n - +0 ring mail
rPois    .         Reflect  .   (no helmet)
rElec    .         Harm     .   k - +0 cloak (curse)
rCorr    .         Rampage  .   (no gloves)
Will     .....                  (no boots)
Stlth    +.........             (no amulet)
HPRegen  0.12/turn              h - +6 ring of dexterity
MPRegen  0.09/turn              (no ring)

@: no status effects
A: no striking features
a: Renounce Religion, Berserk, Trog's Hand


You were on level 3 of the Dungeon.
You worshipped Trog.
Trog was pleased with you.
You visited 1 branch of the dungeon, and saw 3 of its levels.

You collected 101 gold pieces.

Inventory:

Hand Weapons
 a - a +0 falchion
 p - a +0 dagger of holy wrath (weapon)
Missiles
 e - 47 stones
 l - 19 arrows
Armour
 k - a cursed +0 cloak (worn)
 n - a +0 ring mail (worn)
 o - a +2 kite shield of protection (worn)
Jewellery
 h - a +6 ring of dexterity (left hand)
Scrolls
 f - a scroll of immolation {unknown}
 m - a scroll of amnesia
 q - a scroll of remove curse
Potions
 b - a potion of ambrosia {unknown}
 c - a potion of heal wounds
 d - 2 potions of might
 g - a potion of magic
 i - 3 potions of invisibility
 j - 2 potions of attraction {unknown}


   Skills:
 + Level 3.6 Fighting
 + Level 0.1(2.3) Short Blades
 + Level 3.9 Long Blades
 + Level 2.1 Armour
 + Level 2.3 Dodging
 + Level 0.5 Stealth


You had 3 spell levels left.
You didn't know any spells.
Your spell library contained the following spells:

 Spells                   Type           Power        Failure   Level
 Confusing Touch          Hex            0%           100%        3
 Gell's Gravitas          Tloc           0%           100%        3
 Petrify                  Tmut/Erth      0%           100%        4
 Metabolic Englaciation   Hex/Ice        0%           100%        5
 Yara's Violent Unravell  Hex/Tmut       0%           100%        5


Dungeon Overview and Level Annotations

Branches:
Dungeon (3/15)

Altars:
Fedhas
Kikubaaqudgha

Annotations:
D:3 Sigmund


Message History

You barely miss the giant cockroach.
The giant cockroach is heavily wounded.
The giant cockroach closely misses you. You block something's attack.
You completely miss the giant cockroach.
The giant cockroach is heavily wounded.
You block the giant cockroach's attack.
You barely miss something.
You hear some strange, mumbled words.
Something tries to affect you, but you resist.
The giant cockroach barely misses you.
You completely miss the giant cockroach.
The giant cockroach is heavily wounded.
You block the giant cockroach's attack. Something hits you but does no damage.
You miss something.
The giant cockroach waves its antennae.
The giant cockroach bites you but does no damage.
You hear some strange, mumbled words.
A magic dart appears from out of thin air!
The magic dart hits you.
You die...

..## #..#
#..# #...
..# #.#
#{## . #@)#
.# ##B# ..#
# #.# #.#
#. #.##..#
#.##....#
#..#..###
#...##
##.<.#
..........#


You could see a giant cockroach.

Vanquished Creatures
  An adder (D:2)
  An ooze (D:2)
  2 dart slugs
  A leopard gecko (D:2)
  3 ball pythons
  A giant cockroach (D:2)
  6 goblins
  4 hobgoblins
  4 jackals (D:1)
  A quokka (D:2)
  7 bats
  2 frilled lizards
  6 kobolds
  5 rats
44 creatures vanquished.

Vanquished Creatures (others)
  2 plants (D:2)
  3 withered plants (D:2)
5 creatures vanquished.

Grand Total: 49 creatures vanquished

Notes
Turn   | Place    | Note
-------+----------+-------------------------------------------
     0 | D:1      | kodamatunes15 the Human Berserker began the quest for the
                  | Orb.
     0 | D:1      | Reached XP level 1. HP: 18/18 MP: 1/1
   144 | D:1      | Reached XP level 2. HP: 19/24 MP: 2/2
   373 | D:1      | Reached XP level 3. HP: 23/29 MP: 3/3
   806 | D:2      | Reached ** piety under Trog
   949 | D:2      | Reached XP level 4. HP: 36/36 MP: 4/4
  1346 | D:2      | Found an ancient bone altar of Kikubaaqudgha.
  1347 | D:2      | Found a blossoming altar of Fedhas.
  1599 | D:3      | Noticed Sigmund
  1635 | D:3      | Killed from afar by Sigmund

Illustrated notes

Levels and vault maps discovered:
D:1:      onia_arrival_handbag, layout_basic
D:2:      layout_loops_ring, grunt_temple_overflow_growth_and_decay,
          wander_ebering_terrifying_dragon_lair
D:3:      layout_rooms, gammafunk_temple_overflow_forgotten, uniq_robin,
          uniq_sigmund

Action                   |  1- 3 |  4- 6 || total
-------------------------+-------+-------++-------
Melee: Falchion          |    74 |       ||    74
       Dagger            |       |    95 ||    95
  Use: Scroll            |     7 |     3 ||    10
 Stab: Sleeping          |     1 |       ||     1
Armor: Animal skin       |    14 |       ||    14
       Ring mail         |     8 |    28 ||    36
Dodge: Dodged            |    48 |    29 ||    77
Block: Kite shield       |     5 |    43 ||    48
       Rpst.: Falchion   |    16 |       ||    16
